cohdb
Replays
Latest Replays
All Replays
Popular Replays
Top Player Replays
Match Explorer
How It Works
Community
CoH3 Stats
Reddit
Sign in to upload your games and track your stats! →
Sign in with Steam
Match 39641551
Unlisted
Match 39641551
Overview
Messages
Build Orders
End
Construct Weapon Support Center
Engineer Squad
Selects Heavy Weapons
M1919 Machine Gun Team
M1919 Machine Gun Team
M1919 Machine Gun Team
Bazooka Squad
Selects M2HB .50cal Heavy Machine Gun
Infantry Support Center
Construct Medical Station
Bazooka Squad
Construct Motor Pool
M1 Anti-tank Gun Team
M24 Chaffee Light Tank
Selects Rapid Reposition
Sniper
Selects Bolstered Team Weapons
M1919 Machine Gun Team
Construct Tank Depot
Selects Assault Carriers
Selects Halftrack Strongpoints
M3 Assault Carrier
Project Reality King
Saueee
0
0
Comments
sign in to comment!
No comments posted yet!